 Dungeon Crawl Stone Soup version 0.26-a0-366-gd6aadd2 (webtiles) character file.

Game seed: 5988191739748658090

14 Crimsoncloak the Conjurer (level 2, 0/18 HPs)
             Began as an Octopode Conjurer on July 19, 2020.
             Slain by a jackal (2 damage)
             ... on level 2 of the Dungeon.
             The game lasted 00:01:11 (485 turns).

Crimsoncloak the Conjurer (Octopode Conjurer)        Turns: 485, Time: 00:01:11

Health: 0/18       AC:  1    Str:  6    XL:     2   Next: 41%
Magic:  1/5        EV: 13    Int: 20    God:
Gold:   12         SH:  0    Dex: 10    Spells: 4/5 levels left

rFire    . . .     SeeInvis .   c - +0 dagger
rCold    . . .     Faith    .   (no shield)
rNeg     . . .     Spirit   .   (helmet restricted)
rPois    .         Reflect  .   (no amulet)
rElec    .         Harm     .   (no ring)
rCorr    .                      (no ring)
MR       .....                  (no ring)
Stlth    +++.......             (no ring)
HPRegen  0.06/turn              (no ring)
MPRegen  0.09/turn              (no ring)
                                (no ring)
                                (no ring)

@: no status effects
A: almost no armour, stealthy swim, amphibious, 8 rings, constrict 8, camouflage
1, gelatinous body 1
a: no special abilities


You were on level 2 of the Dungeon.
You visited 1 branch of the dungeon, and saw 2 of its levels.

You collected 12 gold pieces.

Inventory:

Hand Weapons
 c - a +0 dagger (weapon)
Potions
 a - a potion of degeneration {unknown}
 b - a potion of curing {unknown}
 d - a potion of resistance {unknown}
 e - a potion of flight {unknown}


   Skills:
 + Level 0.6 Fighting
 + Level 2.2 Dodging
 - Level 2.6 Stealth
 + Level 2.1 Spellcasting
 * Level 4.2 Conjurations


You had 4 spell levels left.
You knew the following spells:

 Your Spells              Type           Power        Failure   Level
a - Magic Dart            Conj           ###.         2%          1

Your spell library contained the following spells:

 Spells                   Type           Power        Failure   Level
 Searing Ray              Conj           ###...       4%          2
 Dazzling Flash           Conj/Hex       ##....       19%         3
 Fulminant Prism          Conj/Hex       ##........   54%         4
 Iskenderun's Mystic Bla  Conj/Tloc      ##......     54%         4


Dungeon Overview and Level Annotations

Branches:
Dungeon (2/15)

Altars:


Innate Abilities, Weirdness & Mutations

You cannot wear most types of armour.
You are very stealthy in the water. (Stealth+)
You are amphibious.
You can wear up to eight rings at the same time.
You can use your tentacles to constrict eight enemies at once.
Your skin changes colour to match your surroundings (Stealth+).
Your rubbery body absorbs attacks. (AC +1, EV +1)


Message History

Press: ? - help, Shift-Dir - straight line, f/p - jackal
Aim: a jackal The magic dart hits the jackal.
The jackal is lightly wounded.
The jackal barely misses you. The jackal barely misses you.
You barely miss the jackal. You grab the jackal.
The jackal is lightly wounded.
You constrict the jackal, but do no damage.
The jackal closely misses you.
The jackal bites you but does no damage.
You hit the jackal but do no damage.
The jackal is lightly wounded.
You constrict the jackal, but do no damage.
The jackal bites you.
* * * LOW HITPOINT WARNING * * *
You hit the jackal but do no damage.
The jackal is lightly wounded.
You constrict the jackal. The jackal bites you.
You die...

##.
#b...########.#
#......<.h@...#
#.....#########
#.... ##+#


You could see a jackal.

Vanquished Creatures
  An ooze (D:1)
  2 goblins (D:1)
  2 ball pythons (D:1)
  A bat (D:1)
  3 frilled lizards (D:1)
  3 rats (D:1)
12 creatures vanquished.

Notes
Turn   | Place    | Note
-------+----------+-------------------------------------------
     0 | D:1      | Crimsoncloak the Octopode Conjurer began the quest for the
                  | Orb.
     0 | D:1      | Reached XP level 1. HP: 11/11 MP: 3/3
   110 | D:1      | Reached XP level 2. HP: 7/18 MP: 0/5
   485 | D:2      | Slain by a jackal

Illustrated notes

Levels and vault maps discovered:
D:1:      heliophobic_arrival_dark_side_of_the_moon, layout_loops_ring
D:2:      layout_basic, minmay_misc_feat_ornament, xom_teletrap_fun

Action                   || total
-------------------------++-------
Melee: Unarmed           ||     4
       Constrict         ||     2
       Tentacles         ||     1
       Dagger            ||     4
 Cast: Magic Dart        ||    26
Armor: Skin              ||     2
Dodge: Dodged            ||    16

Table legend: (Time is in decaauts)
 A = Elapsed time spent in this place.
 B = Non-inter-level travel time spent in this place.
 C = Inter-level travel time spent in this place.
 D = Time resting spent in this place.
 E = Time spent auto-exploring this place.
 F = Levels seen in this place.
 G = Mean time per level.
                   A        B        C        D        E       F      G
               +--------+--------+--------+--------+--------+-----+--------+
         Total |    484 |    484 |      0 |    180 |    162 |   2 |  242.0 |
       Dungeon |    484 |    484 |      0 |    180 |    162 |   2 |  242.0 |
               +--------+--------+--------+--------+--------+-----+--------+
